Map: Radhuset Station LE

Players

Fenrir

  • Race: Zerg Zerg
  • League: Diamond
  • Spawn Location: 1:00

Subwayeatn - Winner!

  • Race: Zerg Zerg
  • League: Platinum
  • Spawn Location: 7:00

VOD

Have the link to the VOD?

Description

Time

  • Played on: Nov. 3, 2023, 3:55 p.m.
  • Length: 4:18
Show
View Real Time Build Order
Export as new Build Order

Fenrir Zerg 

Build Orders: Hatch First 

Get SALT Encoding   

  12  0:00  Drone  
  13  0:12  Overlord  
  13  0:17  Drone  
  14  0:33  Drone  
  14  0:34  Drone  
  16  0:36  Drone  
  17  0:56  Drone, Hatchery  
  17  0:59  Drone  
  18  1:11  Extractor  
  18  1:16  Spawning Pool  
  16  1:21  Overlord  
  16  1:31  Drone  
  16  1:32  Drone  
  18  1:42  Drone  
  19  2:01  Drone  
  20  2:04  Queen  
  20  2:05  Zergling x2  
  20  2:07  Queen  
  25  2:09  Zergling x2  
  25  2:11  Drone  
  27  2:31  Hatchery  
  26  2:39  Drone  
  26  2:40  Drone x2  
  26  2:44  Extractor  
  28  2:55  Drone  
  28  2:56  Drone x3  
  32  3:00  Zergling x2  
  33  3:08  Zergling x4  
  35  3:32  Zergling x2  
  36  3:35  Overlord  
  36  3:55  Drone x7  
  37  3:56  Drone  
  37  3:58  Extractor  
  37  4:02  Drone  
Show
View Real Time Build Order
Export as new Build Order

Subwayeatn Zerg - Winner!

Build Orders: Hatch First 

Get SALT Encoding   

  12  0:00  Drone  
  13  0:12  Overlord  
  13  0:19  Drone  
  14  0:35  Drone x2  
  16  1:00  Drone x2  
  16  1:01  Drone  
  19  1:05  Extractor  
  19  1:07  Hatchery  
  17  1:18  Spawning Pool  
  16  1:22  Drone  
  16  1:25  Drone  
  18  1:33  Drone  
  19  1:44  Drone  
  20  1:54  Overlord  
  20  2:05  Metabolic Boost  
  20  2:13  Zergling x2  
  21  2:21  Queen  
  23  2:23  Zergling x4  
  25  2:31  Zergling x2  
  25  2:32  Zergling x2  
  27  2:46  Spine Crawler  
  27  2:51  Queen  
  28  2:56  Drone x2  
  28  2:57  Drone  
  31  2:58  Drone  
  32  3:10  Zergling x6  
  35  3:31  Zergling x2  
  35  3:33  Overlord  
  36  3:47  Overlord x3  
  36  3:48  Baneling Nest  
  35  3:53  Zergling x2  
  35  3:54  Zergling x8  
Tags
 
Add a new tag
Caveats
  • Supply blocks, unpowered buildings, or Contaminate may cause inaccurate times.
  • Supply counts are checked every 10 seconds.